 Dungeon Crawl Stone Soup version 0.18.1-47-g9310371 (webtiles) character file.

67 vonhedlund the Skirmisher (level 3, -3/36 HPs)
             Began as a Minotaur Gladiator on June 15, 2016.
             Slain by a hobgoblin (5 damage)
             ... on level 2 of the Dungeon.
             The game lasted 00:03:07 (743 turns).

vonhedlund the Skirmisher (Minotaur Gladiator)       Turns: 743, Time: 00:03:08

Health: -3/36      AC:  4    Str: 20    XL:     3   Next: 98%
Magic:  2/2        EV: 12    Int:  5    God:
Gold:   156        SH:  0    Dex: 10    Spells: 0 memorised, 2 levels left

rFire  . . .     SeeInvis .     a - +0 war axe
rCold  . . .     Gourm    .     b - +0 leather armour
rNeg   . . .     Faith    .     (no shield)
rPois  .         Spirit   .     c - +0 hat
rElec  .         Dismiss  .     (no cloak)
rCorr  .         Reflect  .     (no gloves)
SustAt .         Harm     .     s - +0 pair of boots
MR     .....                    (no amulet)
Stlth  +.........               (no ring)
                                (no ring)

@: not resistant to hostile enchantments, very unstealthy
A: retaliatory headbutt, horns 2
a: no special abilities


You were on level 2 of the Dungeon.
You were not hungry.

You visited 1 branch of the dungeon, and saw 2 of its levels.

You collected 156 gold pieces.

Inventory:

Hand Weapons
 a - a +0 war axe (weapon)
 p - a cursed -2 mace
 q - a +0 mace of crushing
 r - a +0 mace of protection
Missiles
 d - 3 throwing nets (quivered)
 j - 21 arrows
Armour
 b - a +0 leather armour (worn)
 c - a +0 hat (worn)
 s - a +0 pair of boots (worn)
Jewellery
 e - a +2 amulet of reflection {unknown}
 h - an uncursed amulet of dismissal {unknown}
 o - an uncursed ring of positive energy {unknown}
 t - a +4 ring of strength {unknown}
Scrolls
 k - a scroll of immolation {unknown}
 l - a scroll of amnesia {unknown}
 m - a scroll of teleportation {unknown}
 n - a scroll of identify {unknown}
Comestibles
 f - a bread ration
 g - 13 chunks of flesh
 i - a meat ration


   Skills:
 + Level 5.2 Fighting
 - Level 3.6 Axes
 - Level 2.0 Throwing
 - Level 3.2 Dodging


You had 2 spell levels left.
You didn't know any spells.

Dungeon Overview and Level Annotations

Branches:
Dungeon (2/15)

Altars:


Innate Abilities, Weirdness & Mutations

You reflexively headbutt those who attack you in melee.
You have a pair of horns on your head.


Message History

Terence is severely wounded.
Terence hits you with a trident.
* * * LOW HITPOINT WARNING * * *
Terence hits you with a trident.
* * * LOW HITPOINT WARNING * * *
You hit Terence but do no damage.
Terence is severely wounded.
Terence barely misses you. You furiously retaliate!
You headbutt Terence. You barely miss Terence. Your headbutt misses Terence.
Terence is almost dead.
Terence misses you.
You closely miss Terence. You headbutt Terence.
You kill Terence!
Your Fighting skill increases to level 5!
You hit the hobgoblin.
The hobgoblin is almost dead.
The hobgoblin hits you.
* * * LOW HITPOINT WARNING * * *
The hobgoblin hits you.
You die...

#........###.#...#####.##..####..
#.......## ........... ##......#
........# #<.....######..###..
#.#..........!. #.# #.#..........
#$# ##.#......... #.###.#
###..........# #..##.#
#.......##..# ###.##..
#..#.##@###)†## #.......
###.##.##g##....###.......
.................##.......
......†...................
.....%......####.##.......
........##.## #.##.......
...#...###.# #.......... .. #...
#.# ####....... $ ..... ..#
##..#..#


You could see a hobgoblin.

Vanquished Creatures
  Terence (D:2)
  A dart slug (D:1)
  3 giant geckos
  4 bats
  2 goblins (D:1)
  6 hobgoblins
  7 jackals
  A quokka (D:2)
  2 giant newts (D:2)
  2 kobolds (D:1)
  6 rats
35 creatures vanquished.

Notes
Turn   | Place    | Note
--------------------------------------------------------------
     0 | D:1      | vonhedlund the Minotaur Gladiator began the quest for the Orb.
     0 | D:1      | Reached XP level 1. HP: 18/18 MP: 0/0
   120 | D:1      | Reached skill level 3 in Fighting
   124 | D:1      | Reached XP level 2. HP: 21/26 MP: 1/1
   440 | D:1      | Reached skill level 4 in Fighting
   600 | D:2      | Reached XP level 3. HP: 33/33 MP: 2/2
   727 | D:2      | Noticed Terence
   742 | D:2      | Killed Terence
   742 | D:2      | Reached skill level 5 in Fighting
   743 | D:2      | Slain by a hobgoblin

Skill      XL: |  1  2  3 |
---------------+----------+-----
Fighting       | 3 4 5 |  5.2
Axes           | |  3.6
Throwing       | |  2.0
Dodging        | |  3.2

Action                   || total
-------------------------++-------
Melee: War axe           ||    61
       Headbutt          ||     8
Armor: Leather armour    ||     6
Dodge: Dodged            ||    46
